 Dungeon Crawl Stone Soup version 0.22-a0-223-g0f5d773 (webtiles) character file.

110 Amnesiac the Shooter (level 4, -1/38 HPs)
             Began as a Centaur Hunter on Feb 18, 2018.
             Slain by a centaur (5 damage)
             ... on level 5 of the Dungeon.
             The game lasted 00:03:30 (1356 turns).

Amnesiac the Shooter (Centaur Hunter)               Turns: 1356, Time: 00:03:31

Health: -1/38      AC:  7    Str: 15    XL:     4   Next: 61%
Magic:  4/4        EV:  7    Int: 10    God:
Gold:   68         SH:  0    Dex: 10    Spells: 3/3 levels left

rFire    . . .     SeeInvis .   b - +1 dagger (venom)
rCold    . . .     Gourm    .   (no shield)
rNeg     + . .     Faith    .   m - +0 scale mail {rN+}
rPois    .         Spirit   .   n - +0 helmet (curse)
rElec    .         Reflect  .   (no cloak)
rCorr    .         Harm     .   (no gloves)
MR       .....                  (no barding)
Stlth    ..........             (no amulet)
HPRegen  0.12/turn              (no ring)
MPRegen  0.09/turn              (no ring)

@: hasted, very quick
A: large, hooves 3, deformed body, speed 2, tough skin 3
a: no special abilities


You were on level 5 of the Dungeon.
You were not hungry.

You visited 2 branches of the dungeon, and saw 6 of its levels.

You collected 68 gold pieces.

Inventory:

Hand Weapons
 a - a +1 shortbow
 b - a +1 dagger of venom (weapon)
 l - a +0 short sword
Missiles
 d - 20 arrows
 r - 16 poisoned needles
Armour
 c - a +0 leather armour
 m - a +0 scale mail of positive energy (worn)
 n - a cursed +0 helmet (worn)
 p - a +0 pair of gloves
Scrolls
 g - a scroll of enchant armour {!r, unknown}
 h - 3 scrolls of teleportation {!r, unknown}
 k - 2 scrolls of identify {!r, unknown}
 o - 2 scrolls of fear {!r, unknown}
 s - a scroll of noise {!r, unknown}
Potions
 e - a potion of curing {!q, unknown}
 i - a potion of resistance {!q, unknown}
 q - a potion of lignification {!q, unknown}
Comestibles
 f - 2 rations


   Skills:
 + Level 3.2 Fighting
 * Level 7.2 Bows
 - Level 1.3 Dodging
 - Level 0.4 Stealth


You had 3 spell levels left.
You didn't know any spells.

Dungeon Overview and Level Annotations

Branches:
Dungeon (5/15)             Temple (1/1) D:4

Altars:
Cheibriados
Dithmenos
Elyvilon
Hepliaklqana
Kikubaaqudgha
Trog
Uskayaw
Xom
The Shining One

Annotations:
D:4 Ijyb


Innate Abilities, Weirdness & Mutations

You have hooves in place of feet.
Armour fits poorly on your strangely shaped body.
You cover ground very quickly.
You have extremely tough skin. (AC +3)


Message History

The leopard gecko bites you but does no damage.
You hit the leopard gecko.
The leopard gecko looks even sicker.
The leopard gecko is lightly wounded.
The leopard gecko barely misses you. The adder skeleton barely misses you.
The leopard gecko barely misses you.
You closely miss the leopard gecko.
The leopard gecko is lightly wounded.
The adder skeleton bites you but does no damage.
The leopard gecko bites you but does no damage.
You hit the leopard gecko.
You kill the leopard gecko!
The adder skeleton barely misses you.
You barely miss the adder skeleton. The adder skeleton barely misses you.
You hit the adder skeleton.
The adder skeleton is lightly damaged.
The adder skeleton bites you.
You hit the adder skeleton. You kick the adder skeleton.
The adder skeleton is heavily damaged.
The adder skeleton barely misses you.
You hit the adder skeleton.
The adder skeleton is almost destroyed.
The adder skeleton barely misses you.
You hit the adder skeleton.
You destroy the adder skeleton!
A hound skeleton comes into view.
You see here a leopard gecko corpse.
You hit the hound skeleton. You kick the hound skeleton!
The hound skeleton is severely damaged.
The hound skeleton bites you but does no damage.
You hit the hound skeleton. You kick the hound skeleton.
The hound skeleton is almost destroyed.
The hound skeleton bites you but does no damage.
Your scale mail prevents you from hitting the hound skeleton.
The hound skeleton is almost destroyed.
The hound skeleton barely misses you.
You hear a distant blaring wail to the north.
The hound skeleton bites you.
* * * LOW HITPOINT WARNING * * *
You barely miss the hound skeleton.
The hound skeleton is almost destroyed.
The hound skeleton bites you but does no damage.
You hit the hound skeleton but do no damage.
The hound skeleton is almost destroyed.
The hound skeleton bites you but does no damage.
A centaur comes into view.
The centaur shouts!
You hit the hound skeleton.
You destroy the hound skeleton!
The centaur wields a shortbow.
The centaur shoots an arrow.
The arrow barely misses you.
A frilled lizard comes into view.
The frilled lizard hisses angrily.
You swing at nothing.
The centaur shoots an arrow.
The arrow hits you.
* * * LOW HITPOINT WARNING * * *
The centaur shoots an arrow.
The arrow hits you!
* * * LOW HITPOINT WARNING * * *
The centaur shoots an arrow.
The arrow barely misses you.
The centaur unwields an uncursed shortbow.
The centaur hits you.
* * * LOW HITPOINT WARNING * * *
Really quaff
j - a blue potion {!q}?
It was a potion of haste {!q}.
You feel yourself speed up. The centaur hits you.
You die...

.#. . ..### ######
#.#.... ......
....######....
.........#..#
#.#.........#####
#.#..##c#........
#####.#..(..@...%...#
................###.
.#####..†#####(##
#..## #(# #..# #.#
#..# #.# #c.#### #l.
#.....# #.# #.###.#
#.#


You could see a centaur.

Vanquished Creatures
  Terence (D:3)
  A hound skeleton (D:5)
  3 adders
  An adder skeleton (D:5)
  2 dart slugs
  3 leopard geckos
  4 orcs (D:3)
  A bat (D:1)
  2 giant cockroaches (D:3)
  6 jackals
  A quokka (D:4)
  A ball python (D:3)
  2 frilled lizards
  2 goblins
  3 rats
33 creatures vanquished.

Notes
Turn   | Place    | Note
-------+----------+-------------------------------------------
     0 | D:1      | Amnesiac the Centaur Hunter began the quest for the Orb.
     0 | D:1      | Reached XP level 1. HP: 17/17 MP: 1/1
   169 | D:2      | Reached XP level 2. HP: 14/24 MP: 2/2
   461 | D:2      | Reached skill level 6 in Bows
   533 | D:3      | Noticed Terence
   552 | D:3      | Reached XP level 3. HP: 24/30 MP: 3/3
   627 | D:3      | Killed Terence
   858 | D:3      | Reached XP level 4. HP: 20/38 MP: 4/4
  1108 | D:4      | Found a staircase to the Ecumenical Temple.
  1117 | Temple   | Entered the Ecumenical Temple
  1126 | Temple   | Reached skill level 7 in Bows
  1297 | D:4      | Noticed Ijyb
  1303 | D:5      | Entered Level 5 of the Dungeon
  1345 | D:5      | Noticed a centaur
  1356 | D:5      | Slain by a centaur

Vault maps used:
D:1:      arrival_zaba_pyramid
D:2:      cheibrodos_pilgrimage, chequers_temple_overflow_minitemple,
          evilmike_ruin_ashenzari, kennysheep_potato
D:3:      roderic_roman_lattice, minmay_misc_feat_enclosed, serial_bayou_lake_a,
          uniq_terence
D:4:      temple_green, portal_sewer_entry_b, first_ration, uniq_ijyb
D:5:      grunt_temple_overflow_lords_of_destruction, kennysheep_mini_moat
Temple:   nicolae_temple_figure_zero

Skill      XL: |  1  2  3  4 |
---------------+-------------+-----
Bows           | 6 7 |  7.2
Fighting       | 3 |  3.2
Dodging        | |  1.3
Stealth        | |  0.4

Action                   |  1- 3 |  4- 6 || total
-------------------------+-------+-------++-------
Melee: Short sword       |    48 |       ||    48
       Kick              |    13 |     7 ||    20
       Dagger            |    19 |    38 ||    57
 Fire: Shortbow          |    10 |       ||    10
  Use: Potion            |       |     1 ||     1
  Eat: Chunk             |       |     1 ||     1
Armor: Leather armour    |    19 |       ||    19
       Scale mail        |     2 |    27 ||    29
Dodge: Dodged            |    29 |    23 ||    52

Table legend:
 A = Spawn XP
 B = Non-spawn XP
 C = Spawn XP percentage of total XP
 D = Spawn monster count
 E = Non-spawn monster count
 F = Spawn count percentage of total count
 G = Total turns spent on level
                    A         B        C        D         E        F      G
               +---------+---------+-------+---------+---------+-------+---------
         Total |       0 |     158 |   0.0 |       0 |      33 |   0.0 |  1356
               +---------+---------+-------+---------+---------+-------+---------
           D:1 |       0 |       7 |   0.0 |       0 |       3 |   0.0 |   146
           D:2 |       0 |      22 |   0.0 |       0 |       6 |   0.0 |   207
           D:3 |       0 |      78 |   0.0 |       0 |      15 |   0.0 |   753
           D:4 |       0 |       6 |   0.0 |       0 |       3 |   0.0 |   131
           D:5 |       0 |      28 |   0.0 |       0 |       3 |   0.0 |    53
        Temple |       0 |      17 |   0.0 |       0 |       3 |   0.0 |    66
               +---------+---------+-------+---------+---------+-------+---------
